Map: 2000 Atmospheres LE

Players

moose

  • Race: Zerg Zerg
  • League: Diamond

Ghost - Winner!

  • Race: Terran Terran
  • League: Diamond

VOD

Have the link to the VOD?

Description

Time

  • Played on: Jan. 25, 2022, 9:36 p.m.
  • Length: 6:57
Show
View Real Time Build Order
Export as new Build Order

moose Zerg 

Build Orders: Pool First 

Get SALT Encoding   

  12  0:00  Drone  
  13  0:13  Overlord  
  13  0:18  Drone  
  14  0:33  Drone x2  
  16  0:45  Spawning Pool  
  16  0:46  Drone  
  16  0:50  Drone  
  16  0:56  Drone  
  18  1:17  Hatchery  
  17  1:19  Drone  
  17  1:20  Extractor  
  17  1:32  Zergling x4  
  19  1:38  Queen  
  21  1:42  Drone  
  22  1:54  Roach Warren  
  22  1:56  Drone  
  22  2:07  Overlord  
  22  2:19  Metabolic Boost  
  22  2:21  Overlord  
  21  2:33  Drone x3  
  23  2:42  Roach  
  23  2:44  Roach  
  27  2:52  Roach  
  27  2:55  Zergling x6  
  32  3:01  Roach  
  32  3:04  Zergling x2  
  35  3:14  Zergling x2  
  35  3:15  Zergling x2  
  37  3:20  Zergling x6  
  37  3:23  Zergling x2  
  37  3:25  Ravager  
  42  3:29  Zergling x2  
  43  3:35  Overlord  
  43  3:38  Overlord  
  43  3:45  Zergling x2  
  44  3:54  Zergling x2  
  45  3:59  Zergling x8  
  45  4:14  Drone  
  45  4:15  Zergling x2  
  42  4:17  Drone  
  42  4:26  Extractor  
  42  4:28  Hatchery  
  42  4:30  Drone x2  
  38  4:32  Drone  
  38  4:37  Overlord  
  39  4:44  Lair  
  39  4:48  Drone  
  39  4:51  Drone  
  33  5:02  Drone x3  
  33  5:03  Drone  
  37  5:11  Drone x2  
  39  5:16  Drone  
  40  5:21  Drone  
  40  5:22  Drone x3  
  44  5:31  Drone  
  44  5:32  Drone  
  46  5:44  Drone x2  
  46  5:45  Spire  
  46  5:47  Spore Crawler  
  46  5:48  Spore Crawler  
  45  5:53  Zergling x6  
  48  5:59  Zergling x2  
  48  6:00  Zergling x2  
  50  6:05  Zergling x2  
  50  6:08  Zergling x2  
  52  6:13  Extractor  
  52  6:14  Extractor  
  50  6:21  Overlord x3  
  50  6:26  Hatchery  
  49  6:35  Zergling x2  
Show
View Real Time Build Order
Export as new Build Order

Ghost Terran - Winner!

Build Orders: 2 Factory, Reaper Expand 

Get SALT Encoding   

  12  0:00  SCV  
  13  0:12  SCV  
  14  0:16  Supply Depot  
  14  0:24  SCV  
  15  0:38  SCV  
  15  0:40  Barracks  
  16  0:44  Refinery  
  16  0:50  SCV  
  17  1:02  SCV  
  18  1:14  SCV  
  19  1:27  Orbital Command  
  19  1:28  Reaper  
  20  1:41  Refinery  
  20  1:47  Command Center  
  20  1:57  Supply Depot  
  20  2:00  SCV  
  21  2:11  Barracks Reactor  
  21  2:28  SCV  
  22  2:30  Factory  
  22  2:39  Factory  
  22  2:41  SCV  
  23  2:52  Supply Depot  
  23  2:57  Barracks Tech Lab  
  23  3:00  SCV  
  24  3:27  SCV  
  24  3:31  Supply Depot, Siege Tank  
  24  3:32  Orbital Command  
  28  3:38  Hellion x2  
  32  3:43  Infernal Pre-Igniter  
  32  3:45  SCV  
  33  3:59  Supply Depot  
  33  4:00  Supply Depot  
  33  4:03  Cyclone  
  36  4:15  Factory Reactor  
  36  4:25  SCV x2  
  36  4:28  Supply Depot  
  38  4:35  Cyclone  
  38  4:37  SCV x2  
  43  4:49  SCV x2  
  45  4:56  Orbital Command  
  45  4:59  Hellion x2  
  49  5:07  Cyclone  
  49  5:14  Mag-Field Accelerator  
  52  5:16  Refinery x2  
  52  5:21  Hellion x2  
  56  5:23  SCV  
  57  5:31  SCV  
  58  5:39  Cyclone, Starport  
  61  5:49  Barracks Tech Lab  
  61  5:51  SCV  
  61  5:52  SCV  
  63  6:01  Supply Depot  
  63  6:03  SCV  
  63  6:04  SCV  
  65  6:15  Supply Depot  
  65  6:16  SCV x2  
  65  6:18  Fusion Core  
  67  6:20  Widow Mine, Siege Tank  
  67  6:21  Widow Mine  
  74  6:28  SCV x2  
  76  6:40  SCV  
Tags
 
Add a new tag
Caveats
  • Supply blocks, unpowered buildings, or Contaminate may cause inaccurate times.
  • Supply counts are checked every 10 seconds.